 Dungeon Crawl Stone Soup version 0.26-a0-1060-g086102a3f0 (webtiles) character file.

Game seed: 11378809998807856004

74542 HoaS the Bludgeoner (level 15, -27/97 HPs)
             Began as a Gargoyle Fighter on Dec 13, 2020.
             Was the Champion of Makhleb.
             Killed from afar by a frost giant (37 damage)
             ... with a bolt of cold
             ... in an ice cave.
             The game lasted 00:50:42 (18121 turns).

HoaS the Bludgeoner (Gargoyle Fighter)             Turns: 18121, Time: 00:50:43

Health: -27/97     AC: 34    Str: 25    XL:     15   Next: 47%
Magic:  15/15      EV: 15    Int:  8    God:    Makhleb [******]
Gold:   1095       SH: 15    Dex: 17    Spells: 14/14 levels left

rFire    . . .     SeeInvis .   r - +0 morningstar
rCold    . . .     Faith    .   c - +0 kite shield
rNeg     + . .     Spirit   .   A - +0 plate armour
rPois    ∞         Reflect  .   b - +2 helmet
rElec    +         Harm     .   (no cloak)
rCorr    .         Rampage  .   w - +2 pair of gloves
Will     +....                  P - +1 pair of boots
Stlth    ..........             e - amulet of regeneration
HPRegen  0.66/turn              d - +6 ring of dexterity
MPRegen  0.14/turn              v - +4 ring of evasion

@: flying, studying Evocations
A: big wings, negative energy resistance 1, electricity resistance, unbreathing,
petrification resistance, rot immunity, AC +11
a: Stop Flying, Minor Destruction, Lesser Servant of Makhleb, Major Destruction,
Greater Servant of Makhleb, Renounce Religion


You were in an ice cave.
You worshipped Makhleb.
Makhleb was exalted by your worship.
You visited 4 branches of the dungeon, and saw 20 of its levels.
You also visited: Sewer, Ossuary and Ice Cave.

You collected 1095 gold pieces.

Inventory:

Hand Weapons
 r - a +0 morningstar (weapon)
Armour
 b - a +2 helmet (worn)
 c - a +0 kite shield (worn)
 w - a +2 pair of gloves (worn)
 A - a +0 plate armour (worn)
 P - a +1 pair of boots (worn)
Jewellery
 d - a +6 ring of dexterity (left hand)
 e - an amulet of regeneration (around neck)
 v - a +4 ring of evasion (right hand)
 x - an uncursed ring of stealth
 y - an uncursed ring of resist corrosion
 z - an uncursed ring of stealth
 C - an uncursed ring of fire
 D - an uncursed ring of positive energy
 N - an uncursed ring of positive energy
Wands
 h - a wand of flame (90)
 l - a wand of random effects (60)
 p - a wand of iceblast (17) (quivered)
 B - a wand of enslavement (12)
 H - a wand of digging (7)
Scrolls
 g - 17 scrolls of identify
 i - 7 scrolls of remove curse
 q - 4 scrolls of fear
 s - 12 scrolls of teleportation
 t - 2 scrolls of blinking
 E - 4 scrolls of fog
 I - 2 scrolls of magic mapping
 J - a scroll of silence
Potions
 a - 2 potions of resistance
 f - 5 potions of curing
 j - 2 potions of mutation
 k - 3 potions of lignification
 m - 2 potions of haste
 n - 5 potions of berserk rage
 o - 11 potions of might
 u - 8 potions of heal wounds
 F - 2 potions of attraction
 G - 4 potions of flight
 K - a potion of ambrosia
 L - a potion of invisibility
Books
 M - a manual of Evocations


   Skills:
 * Level 12.9 Fighting
 - Level 16.0 Maces & Flails
 + Level 9.8 Armour
 + Level 6.9 Dodging
 - Level 15.0 Shields


You had 14 spell levels left.
You didn't know any spells.
Your spell library contained the following spells:

 Spells                   Type           Power        Failure   Level
 Apportation              Tloc           #.....       99%         1
 Shock                    Conj/Air       #...         99%         1
 Swiftness                Air            #.......     100%        2
 Lesser Beckoning         Tloc           #.........   100%        3
 Static Discharge         Conj/Air       #.......     100%        3
 Tukima's Dance           Hex            #.......     100%        3
 Airstrike                Air            #.........   100%        4
 Ice Form                 Ice/Tmut       #.......     100%        4
 Alistair's Intoxication  Tmut/Pois      #........    100%        5
 Bolt of Magma            Conj/Fire/Erth #.........   100%        5
 Iskenderun's Battlesphe  Conj           #.......     100%        5
 Lightning Bolt           Conj/Air       #.........   100%        5
 Metabolic Englaciation   Hex/Ice        #.........   100%        5
 Freezing Cloud           Conj/Ice/Air   #.........   100%        6
 Invisibility             Hex            #.......     100%        6
 Iron Shot                Conj/Erth      #.........   100%        6
 Ozocubu's Refrigeration  Ice            #.........   100%        6
 Simulacrum               Ice/Necr       #.........   100%        6
 Orb of Destruction       Conj           #.........   100%        7
 Spellforged Servitor     Conj/Summ      #.........   100%        7


Dungeon Overview and Level Annotations

Branches:
Dungeon (12/15)            Temple (1/1) D:5            Lair (6/6) D:10
 Shoals (0/4) Lair:2       Spider (0/4) Lair:2        Slime (0/5) Lair:6
    Orc (1/2) D:10          Sewer (visited)         Ossuary (visited)
  IceCv (1/1)

Altars:
Ashenzari
Cheibriados
Dithmenos
Elyvilon
Fedhas
Gozag
Hepliaklqana
Kikubaaqudgha
Makhleb
Nemelex Xobeh
Okawaru
Qazlal
Ru
Sif Muna
Trog
Uskayaw
Vehumet
Wu Jian
Xom
Yredelemnul
Zin
The Shining One

Shops:
D:12 :


Innate Abilities, Weirdness & Mutations

You are resistant to torment.
Your stone body is resilient. (AC +11)
You are immune to poison.
Your large and strong wings let you fly indefinitely.
You resist negative energy. (rN+)
You are resistant to electric shocks. (rElec)
You can survive without breathing.
You are immune to petrification.
You are immune to rotting.


Message History

You are engulfed in freezing vapours.
The frost giant casts a spell at you. The bolt of cold misses you.
A yak comes into view.
You hit the frost giant but do no damage.
The frost giant is severely wounded.
You are engulfed in freezing vapours.
The frost giant gestures at you while chanting.
The bolt of cold hits you!
You puncture the frost giant!
The frost giant is severely wounded.
You are engulfed in freezing vapours.
* * * LOW HITPOINT WARNING * * *
You hit the frost giant.
The frost giant is severely wounded.
You are engulfed in freezing vapours.
* * * LOW HITPOINT WARNING * * *
The frost giant points at you and mumbles some strange words.
The bolt of cold hits you!!!
You die... #≈≈# .. #≈≈# .# #≈≈# .# #≈≈# .## ###≈≈# ..###C. ##≈≈≈≈# YY..Y.h

####≈≈≈≈≈##hh....h
#### ##..####≈≈#C#
##..###..#.###≈≈@≈#
#..#.#..#...#..°≈≈#
..#....####..#.#≈≈≈#
######## ###.###≈≈≈#
# ### #≈≈≈# ##≈≈#
#≈≈# #### #≈# ##..##


You could see a frost giant, 2 yaks and 2 wolves.

Vanquished Creatures
  An orc warlord (D:10)
  Azrael (D:12)
  A dire elephant (Lair:2)
  8 hydras
  2 boulder beetles
  2 catoblepae
  A deep troll shaman (Lair:6)
  14 death yaks
  4 skeletal warriors (D:12)
  2 unseen horrors (D:11)
  Pikel (D:8)
  5 lindwurms
  A deep elf mage (D:12)
  2 oklob plants (Lair:6)
  An orc sorcerer (D:10)
  3 ugly things
  A manticore (D:11)
  A cyclops (D:12)
  20 elephants
  3 black mambas
  An ice statue (IceCv)
  A merfolk siren (Lair:2)
  18 cane toads
  The ghost of arkorax the Skirmisher, a novice DsWn (D:6)
  A gargoyle (D:11)
  2 kobold demonologists (D:12)
  8 komodo dragons
  5 rime drakes
  A hornet (D:11)
  3 trolls
  10 polar bears
  Grinder (D:3)
  11 blink frogs
  7 dream sheep (Lair:4)
  Sigmund (D:2)
  4 wyverns
  3 basilisks
  A fire elemental (D:12)
  37 yaks
  2 wargs (D:10)
  4 hell hounds (D:12)
  14 water moccasins
  A sky beast (D:7)
  15 orc warriors
  8 ogres
  4 ice beasts
  5 black bears
  A necrophage (D:12)
  2 phantoms
  23 wolves
  5 centaurs
  3 big kobolds
  20 bullfrogs
  A wyvern zombie (D:6)
  14 scorpions
  23 killer bees
  12 wights
  3 electric eels (Lair:2)
  2 howler monkeys
  4 centaur zombies
  A quasit (D:12)
  2 centaur skeletons
  5 hounds
  4 jellies
  5 human zombies (Ossuary)
  12 orc priests
  6 bullfrog skeletons
  Jessica (D:3)
  3 iguanas
  14 orc wizards
  Ijyb (D:3)
  7 worker ants
  3 big kobold zombies (Ossuary)
  A hound zombie (D:5)
  2 hound skeletons (D:4)
  4 mummies
  A worker ant zombie (D:11)
  Robin (D:3)
  2 scorpion zombies (Ossuary)
  20 adders
  2 shadow imps
  17 white imps
  2 ufetubi
  3 adder skeletons
  5 worms
  3 dart slugs
  4 leopard geckos
  57 orcs
  10 giant cockroaches
  14 goblins
  8 hobgoblins
  19 jackals
  4 quokkas
  9 ball pythons
  5 bats (D:2)
  7 frilled lizards
  2 goblin zombies (Ossuary)
  18 kobolds
  2 orc zombies (Ossuary)
  8 rats
650 creatures vanquished.

Vanquished Creatures (others)
  32 fungi
  31 plants
  9 toadstools (Lair:2)
72 creatures vanquished.

Grand Total: 722 creatures vanquished

Notes
Turn   | Place    | Note
-------+----------+-------------------------------------------
     0 | D:1      | HoaS the Gargoyle Fighter began the quest for the Orb.
     0 | D:1      | Reached XP level 1. HP: 14/14 MP: 1/1
   339 | D:1      | Reached XP level 2. HP: 19/19 MP: 2/2
   932 | D:1      | Reached skill level 3 in Maces & Flails
  1115 | D:2      | Reached XP level 3. HP: 19/23 MP: 3/3
  1150 | D:2      | Noticed Sigmund
  1165 | D:2      | HP: 1/23 [Sigmund/puff of flame (5)]
  1166 | D:2      | Killed Sigmund
  1167 | D:2      | Reached skill level 4 in Maces & Flails
  1167 | D:2      | Reached XP level 4. HP: 1/28 MP: 4/4
  1167 | D:2      | Reached XP level 5. HP: 1/32 MP: 5/5
  1650 | D:2      | Reached skill level 5 in Maces & Flails
  1813 | D:2      | Reached XP level 6. HP: 37/37 MP: 6/6
  2192 | D:3      | Noticed Jessica
  2195 | D:3      | Killed Jessica
  2196 | D:3      | Reached skill level 5 in Shields
  2345 | D:3      | Noticed Ijyb
  2352 | D:3      | Killed Ijyb
  2658 | D:3      | Noticed Grinder
  2675 | D:3      | Killed Grinder
  2676 | D:3      | Reached skill level 6 in Maces & Flails
  2676 | D:3      | Reached XP level 7. HP: 37/41 MP: 7/7
  2702 | D:3      | Noticed Robin
  2740 | D:3      | Killed Robin
  3486 | D:4      | Reached skill level 7 in Maces & Flails
  3646 | D:4      | Reached XP level 8. HP: 46/46 MP: 8/8
  3692 | D:5      | Entered Level 5 of the Dungeon
  3786 | D:5      | Noticed a rust devil
  3803 | D:5      | Found a staircase to the Ecumenical Temple.
  3812 | Temple   | Entered the Ecumenical Temple
  4035 | Temple   | Became a worshipper of Makhleb the Destroyer
  4139 | D:5      | Found a shadowy altar of Dithmenos.
  4292 | D:5      | Reached skill level 8 in Maces & Flails
  4411 | D:5      | Noticed an angel
  4621 | D:6      | Reached * piety under Makhleb
  4871 | D:6      | Reached skill level 9 in Maces & Flails
  4905 | D:6      | Found a runed translucent gate.
  4905 | D:6      | Found a runed translucent gate.
  4905 | D:6      | Found a runed translucent gate.
  5116 | D:6      | Found a glowing drain.
  5130 | Sewer    | Entered a sewer
  5394 | Sewer    | Reached ** piety under Makhleb
  5788 | D:6      | Reached XP level 9. HP: 33/51 MP: 9/9
  6015 | D:6      | Noticed arkorax's ghost (novice DsWn)
  6194 | D:7      | Found a sand-covered staircase.
  6203 | Ossuary  | Entered an ossuary
  6245 | Ossuary  | Reached skill level 10 in Maces & Flails
  6515 | Ossuary  | Reached *** piety under Makhleb
  6766 | D:7      | Reached skill level 11 in Maces & Flails
  6944 | D:7      | Reached XP level 10. HP: 56/56 MP: 10/10
  7546 | D:8      | Reached **** piety under Makhleb
  7735 | D:8      | Noticed Pikel
  7747 | D:8      | Killed Pikel
  7748 | D:8      | Reached skill level 12 in Maces & Flails
  7748 | D:8      | Reached skill level 10 in Shields
  8156 | D:9      | Found a stormy altar of Qazlal.
  8237 | D:9      | Reached ***** piety under Makhleb
  8257 | D:9      | Reached skill level 13 in Maces & Flails
  8282 | D:9      | Reached XP level 11. HP: 46/60 MP: 11/11
  8437 | D:9      | Noticed a white ugly thing
  8493 | D:8      | HP: 1/60 [white ugly thing (20)]
  8497 | D:8      | Killed a white ugly thing
  8727 | D:6      | Killed arkorax's ghost
  8873 | D:10     | Entered Level 10 of the Dungeon
  9121 | D:10     | Found a staircase to the Lair.
  9179 | D:10     | Found a staircase to the Orcish Mines.
  9538 | D:10     | Reached skill level 14 in Maces & Flails
  9750 | Lair:1   | Entered Level 1 of the Lair of Beasts
 10849 | Lair:2   | Reached XP level 12. HP: 31/64 MP: 12/12
 10858 | Lair:2   | Reached skill level 15 in Maces & Flails
 10895 | Lair:2   | Noticed a four-headed hydra
 10914 | Lair:2   | Killed a four-headed hydra
 11163 | Lair:2   | Found a staircase to the Shoals.
 11338 | Lair:2   | Found a hole to the Spider Nest.
 11448 | Lair:2   | Noticed a catoblepas
 11448 | Lair:2   | Noticed a dire elephant
 11470 | Lair:2   | Found a runed translucent door.
 11750 | Lair:3   | Reached ****** piety under Makhleb
 11858 | Lair:3   | Reached skill level 16 in Maces & Flails
 11942 | Lair:3   | Noticed a four-headed hydra
 11950 | Lair:3   | Killed a four-headed hydra
 12319 | Lair:3   | Reached XP level 13. HP: 68/68 MP: 13/13
 12680 | Lair:4   | Reached skill level 15 in Shields
 12825 | Lair:4   | Reached skill level 1 in Dodging
 13020 | Lair:4   | Reached skill level 5 in Fighting
 13163 | Lair:4   | Reached skill level 5 in Armour
 14204 | Lair:5   | Gained mutation: Your large and strong wings let you fly
                  | indefinitely. [Gargoyle growth]
 14204 | Lair:5   | Reached XP level 14. HP: 81/84 MP: 14/14
 14660 | Lair:6   | Entered Level 6 of the Lair of Beasts
 15059 | Lair:6   | Reached skill level 10 in Fighting
 15262 | Lair:6   | Found a staircase to the Slime Pits.
 15432 | Lair:6   | Reached skill level 5 in Dodging
 15987 | Lair:2   | Killed a dire elephant
 16566 | D:11     | Reached XP level 15. HP: 96/96 MP: 15/15
 17258 | D:12     | Found Dext's Book Shoppe.
 17496 | D:12     | Noticed Azrael
 17516 | D:12     | Killed Azrael
 17667 | Orc:1    | Entered Level 1 of the Orcish Mines
 17667 | Orc:1    | Noticed an orc warlord
 17674 | D:10     | Paralysed by an orc sorcerer for 2 turns
 17712 | D:10     | Killed an orc warlord
 17861 | Orc:1    | Found a frozen archway.
 17875 | IceCv    | Entered an ice cave
 18096 | IceCv    | Noticed a frost giant
 18121 | IceCv    | Killed from afar by a frost giant

Illustrated notes

Levels and vault maps discovered:
D:1:      erik_arrival_blinker_ship, layout_basic, minivault_23,
          minmay_small_reverse_x
D:2:      layout_loops_ring, uniq_sigmund
D:3:      layout_basic, roderic_serpentine_path, uniq_ijyb, uniq_robin,
          uniq_grinder, uniq_jessica
D:4:      layout_loops_ring, grunt_ministairs_3
D:5:      layout_basic, temple_garden, nicolae_dithmenos_through_a_glass_darkly
D:6:      layout_gridville, portal_sewer_entry_d, ebering_ghost_rock_garden
D:7:      layout_cave_pools, gup_ossuary_entry_pyramid, minmay_quadrilaterals
D:8:      cheibrodos_helix_gallery, layout_loops_ring, uniq_pikel
D:9:      layout_rooms, nicolae_qazlal_general_emergency
D:10:     layout_irregular_city, david_lair_generic, orc_0_dummy
D:11:     layout_small_grid
D:12:     layout_roguey, serial_shops, shop, kennysheep_generic_room_11,
          uniq_azrael
Temple:   nicolae_temple_the_god_donut
Lair:1:   layout_layer_cave, grunt_megastairs_1
Lair:2:   gammafunk_lair_enchanted_lake, layout_chaotic_city,
          minmay_shoals_entry_lonely_mermaid, nicolae_spider_entry_non_spiders,
          infiniplex_staircase_pool
Lair:3:   layout_chaotic_city, serial_rivers, chequers_serial_rivers_room_b,
          chequers_serial_rivers_small_b, chequers_serial_rivers_micro_b,
          chequers_serial_rivers_micro_b, chequers_serial_rivers_micro_e,
          chequers_serial_rivers_micro_a, minmay_lindwurm_lava,
          lemuel_fruit_tree, infiniplex_staircase_pool_2
Lair:4:   layout_loops_ring, grunt_megastairs_4
Lair:5:   layout_misc_corridors
Lair:6:   grunt_lair_end_beastmaster, layout_regular_city,
          minmay_slime_entry_oklob_enclosed
Orc:1:    layout_caves, portal_ice_cave_entry_imps, serial_shops,
          nicolae_shop_waterfront
IceCv:    ice_cave_small_giant

Skill      XL: |  1  2  3  4  5  6  7  8  9 10 11 12 13 14 15 |
---------------+----------------------------------------------+-----
Maces & Flails | 3 4 5 6 7 9 11 13 14 16 | 16.0
Shields        | 4 5 6 7 9 10 12 14 15 | 15.0
Fighting       | 8 11 12 | 12.9
Dodging        | 3 6 |  6.9
Armour         | 6 8 9 |  9.8

Action                   |  1- 3 |  4- 6 |  7- 9 | 10-12 | 13-15 || total
-------------------------+-------+-------+-------+-------+-------++-------
Melee: Flail             |    96 |   153 |   242 |       |       ||   491
       Morningstar       |       |       |   466 |  1155 |  1468 ||  3089
 Abil: Fly               |       |       |       |       |     1 ||     1
  Use: Potion            |     1 |       |     1 |     2 |     5 ||     9
       Scroll            |       |    11 |    16 |     5 |     6 ||    38
 Stab: Petrified         |       |       |       |       |     4 ||     4
Armor: Scale mail        |    32 |    73 |       |       |       ||   105
       Chain mail        |       |     5 |   391 |   202 |       ||   598
       Plate armour      |       |       |       |   301 |   647 ||   948
Dodge: Dodged            |    41 |    49 |   164 |   415 |   640 ||  1309
Block: Kite shield       |    52 |   101 |   450 |   864 |  1028 ||  2495

Table legend: (Time is in decaauts)
 A = Elapsed time spent in this place.
 B = Non-inter-level travel time spent in this place.
 C = Inter-level travel time spent in this place.
 D = Time resting spent in this place.
 E = Time spent auto-exploring this place.
 F = Levels seen in this place.
 G = Mean time per level.
                   A        B        C        D        E       F      G
               +--------+--------+--------+--------+--------+-----+--------+
         Total |  17802 |  16599 |   1203 |    869 |  10916 |  23 |  774.0 |
       Dungeon |  10124 |   9403 |    721 |    789 |   5904 |  12 |  843.7 |
        Temple |    237 |    214 |     23 |      0 |    212 |   1 |  237.0 |
          Lair |   5987 |   5529 |    458 |     80 |   4034 |   6 |  997.8 |
  Orcish Mines |     79 |     79 |      0 |      0 |      0 |   1 |   79.0 |
         Sewer |    742 |    742 |      0 |      0 |    552 |   1 |  742.0 |
       Ossuary |    425 |    425 |      0 |      0 |    140 |   1 |  425.0 |
      Ice Cave |    205 |    205 |      0 |      0 |     74 |   1 |  205.0 |
               +--------+--------+--------+--------+--------+-----+--------+

Top non-repeatable levels by time:
  Lair:2: 1291 daAuts
     D:1: 1129 daAuts
  Lair:4: 1115 daAuts
  Lair:6: 1102 daAuts
     D:6: 1072 daAuts
     D:2: 1025 daAuts
    D:10: 998 daAuts
     D:3: 976 daAuts
     D:8: 939 daAuts
  Lair:3: 898 daAuts
  Lair:1: 844 daAuts
   Sewer: 742 daAuts
  Lair:5: 735 daAuts
    D:12: 710 daAuts
    D:11: 691 daAuts
